 Dungeon Crawl Stone Soup version 0.23.2 (webtiles) character file.

Game seed: 11861812589167728621

1067 Menchi the Covert (level 8, -3/44 HPs)
             Began as a Kobold Assassin on Apr 9, 2019.
             Slain by Duvessa
             ... wielding a +0 short sword
              (4 damage)
             ... on level 6 of the Dungeon.
             The game lasted 00:07:54 (5345 turns).

Menchi the Covert (Kobold Assassin)                 Turns: 5345, Time: 00:07:55

Health: -3/44      AC:  3    Str: 12    XL:     8   Next: 53%
Magic:  0/8        EV: 19    Int: 12    God:
Gold:   281        SH:  0    Dex: 23    Spells: 7/7 levels left

rFire    . . .     SeeInvis .   D - +8 spear of the Orcish Mines {pierce, Str+2 Dex+6}
rCold    . . .     Gourm    .   (shield restricted)
rNeg     + . .     Faith    .   c - +0 robe
rPois    .         Spirit   +   (no helmet)
rElec    .         Reflect  .   d - +0 cloak
rCorr    .         Harm     .   (no gloves)
MR       +....                  (no boots)
Stlth    +++++.....             A - amulet of guardian spirit
HPRegen  0.14/turn              n - ring of positive energy
MPRegen  0.11/turn              B - ring of protection from magic

@: no status effects
A: small, carnivore
a: no special abilities


You were on level 6 of the Dungeon.
You were full.

You visited 1 branch of the dungeon, and saw 6 of its levels.
You also visited: Sewer.

You collected 281 gold pieces.

Inventory:

Hand Weapons
 a - a +2 dagger
 b - a +0 blowgun
 u - a +1 long sword of electrocution
 D - the +8 spear of the Orcish Mines (weapon) {pierce, Str+2 Dex+6}
   (You found it on level 4 of the Dungeon)

   It inflicts extra damage upon your enemies.
   It affects your strength (+2).
   It affects your dexterity (+6).
Missiles
 e - 35 poisoned needles
 f - 2 curare-tipped needles
Armour
 c - a +0 robe (worn)
 d - a +0 cloak (worn)
Jewellery
 n - a ring of positive energy (left hand)
 A - an amulet of guardian spirit (around neck)
 B - a ring of protection from magic (right hand)
 C - an uncursed amulet of magic regeneration
 G - a cursed ring of attention {unknown}
Scrolls
 h - 2 scrolls of remove curse {unknown}
 j - 3 scrolls of enchant armour {unknown}
 m - a scroll of enchant weapon {unknown}
 q - a scroll of immolation {unknown}
 r - 2 scrolls of teleportation {unknown}
 s - 3 scrolls of identify {unknown}
 x - a scroll of magic mapping {unknown}
 y - a scroll of noise {unknown}
Potions
 i - 3 potions of curing {unknown}
 k - 2 potions of brilliance {unknown}
 l - 3 potions of berserk rage {unknown}
 o - a potion of lignification {unknown}
 p - 3 potions of mutation {unknown}
 t - 3 potions of heal wounds {unknown}
 v - a potion of invisibility {unknown}
 w - a potion of degeneration {unknown}
 z - 4 potions of flight {unknown}
 E - a potion of agility {unknown}
 F - 2 potions of might {unknown}
Comestibles
 g - 10 rations


   Skills:
 - Level 2.1 Fighting
 * Level 6.3 Short Blades
 - Level 2.1 Throwing
 * Level 5.4 Dodging
 * Level 11.1 Stealth


You had 7 spell levels left.
You didn't know any spells.
Your spell library was empty.

Dungeon Overview and Level Annotations

Branches:
Dungeon (6/15)
 Temple: D:4-7

Altars:
Ashenzari
Elyvilon
Fedhas
Makhleb
Wu Jian

Annotations:
D:6 Duvessa


Innate Abilities, Weirdness & Mutations

You are small and have problems with some larger weapons.
You are carnivorous and can eat meat at any time.


Message History

Duvessa barely misses you.
You hit Duvessa but do no damage.
Duvessa is heavily wounded.
Duvessa completely misses you. Duvessa hits you with a +0 short sword!
* * * LOW HITPOINT WARNING * * *
You hit Duvessa but do no damage.
Duvessa is heavily wounded.
Duvessa hits you with a +0 short sword!
* * * LOW HITPOINT WARNING * * *
Duvessa closely misses you.
You hit Duvessa.
Duvessa is heavily wounded.
Duvessa hits you but does no damage.
You closely miss Duvessa.
Duvessa is heavily wounded.
Duvessa misses you. x2
You puncture Duvessa!
Duvessa is severely wounded.
Duvessa hits you with a +0 short sword.
You die...

# # . .# ##.##
#.P.## ##### #..PP#
#...##### #.e).#
#[......#### #..@.#
###...#...## ##...#
######.......
##.####..........#.
#............####.
#######......# ##.
≈###....###.. ≈≈
##..###... ≈≈≈
##..##... ..≈≈
##.##...


You could see Duvessa (berserk).

Vanquished Creatures
  A sky beast (D:4)
  An orc warrior (D:6)
  A centaur (D:5)
  A big kobold (Sewer)
  A bullfrog (D:6)
  A scorpion (D:4)
  Dowan (D:6)
  A howler monkey (D:5)
  A crimson imp (D:4)
  A bullfrog zombie (D:5)
  A hound (D:5)
  An orc priest (D:4)
  Jessica (D:3)
  A bullfrog skeleton (D:5)
  2 iguanas (D:4)
  3 worker ants
  A howler monkey zombie (D:5)
  A howler monkey skeleton (D:5)
  6 adders
  3 gnolls (D:3)
  A river rat (Sewer)
  2 shadow imps
  An ooze (D:4)
  2 worms
  A dart slug (D:1)
  7 leopard geckos
  5 orcs
  5 giant cockroaches
  5 goblins
  5 hobgoblins (D:1)
  11 jackals
  2 quokkas
  9 bats
  15 frilled lizards
  9 kobolds
  7 rats
117 creatures vanquished.

Notes
Turn   | Place    | Note
-------+----------+-------------------------------------------
     0 | D:1      | Menchi the Kobold Assassin began the quest for the Orb.
     0 | D:1      | Reached XP level 1. HP: 12/12 MP: 1/1
   130 | D:1      | Reached XP level 2. HP: 17/17 MP: 2/2
   142 | D:1      | Reached skill level 6 in Stealth
   557 | D:2      | Found a blossoming altar of Fedhas.
   560 | D:2      | Reached XP level 3. HP: 21/21 MP: 3/3
   812 | D:2      | Found an ornate altar of the Wu Jian Council.
  1067 | D:2      | Found a white marble altar of Elyvilon.
  1197 | D:2      | Reached XP level 4. HP: 26/26 MP: 4/4
  1233 | D:2      | Reached skill level 7 in Stealth
  1683 | D:3      | Noticed Jessica
  1688 | D:3      | Killed Jessica
  1688 | D:3      | Reached XP level 5. HP: 30/30 MP: 5/5
  2706 | D:4      | Reached skill level 8 in Stealth
  2706 | D:4      | Reached XP level 6. HP: 35/35 MP: 6/6
  2989 | D:4      | Found a burning altar of Makhleb.
  3066 | D:4      | Reached skill level 5 in Short Blades
  3224 | D:4      | Noticed a sky beast
  3232 | D:4      | Killed a sky beast
  3232 | D:4      | Reached XP level 7. HP: 40/40 MP: 7/7
  3233 | D:4      | Reached skill level 9 in Stealth
  3321 | D:4      | Got an ancient spear
  3322 | D:4      | Identified the +8 spear of the Orcish Mines {pierce, Str+2
                  | Dex+6} (You found it on level 4 of the Dungeon)
  3536 | D:5      | Entered Level 5 of the Dungeon
  3795 | D:5      | Reached skill level 10 in Stealth
  3795 | D:5      | Reached XP level 8. HP: 14/44 MP: 3/8
  4073 | D:5      | Found a glowing drain.
  4091 | Sewer    | Entered a sewer
  4394 | Sewer    | Found a white marble altar of Elyvilon.
  4739 | D:6      | Reached skill level 5 in Dodging
  4789 | D:6      | HP: 1/44 [orc warrior/+0 hand axe (5)]
  5244 | D:6      | Reached skill level 11 in Stealth
  5273 | D:6      | Found a shattered altar of Ashenzari.
  5327 | D:6      | Noticed Duvessa
  5327 | D:6      | Noticed Dowan
  5338 | D:6      | Killed Dowan
  5342 | D:6      | HP: 1/44 [Duvessa/+0 short sword (7)]
  5345 | D:6      | Slain by Duvessa

Skill      XL: |  1  2  3  4  5  6  7  8 |
---------------+-------------------------+-----
Stealth        | 6 7 8 10 11 | 11.1
Short Blades   | 3 4 5 6 |  6.3
Dodging        | 2 3 4 5 |  5.4
Fighting       | |  2.1
Throwing       | |  2.1

Action                   |  1- 3 |  4- 6 |  7- 9 || total
-------------------------+-------+-------+-------++-------
Melee: Dagger            |   104 |    32 |     1 ||   137
       Long sword        |       |    81 |     5 ||    86
       Spear             |       |       |   130 ||   130
 Stab: Sleeping          |     9 |     9 |    10 ||    28
       Distracted        |       |       |     1 ||     1
  Eat: Chunk             |     9 |     7 |     4 ||    20
Armor: Robe              |    22 |    12 |    11 ||    45
Dodge: Dodged            |    65 |    92 |   106 ||   263
       Rpst.: Long sword |       |    28 |     1 ||    29
